[Event "Czech Extraliga 2023-24"]
[Site "Czech Republic"]
[Date "2024.02.11"]
[Round "8.7"]
[White "Movsesian, Julia"]
[Black "Pulpan, Jakub"]
[Result "1/2-1/2"]
[ECO "C77"]
[WhiteElo "2257"]
[BlackElo "2393"]
[Annotator "TA"]
[PlyCount "51"]
[EventDate "2023.10.14"]
[EventCountry "CZE"]
[SourceTitle "playchess.com"]
[Source "ChessBase"]
[SourceQuality "1"]
[TimeControl "40/5400+30:1800+30"]

1. e4 e5 2. Nf3 Nc6 3. Bb5 a6 4. Ba4 Nf6 5. d3 d6 6. c3 g6 7. O-O Bg7 8. b4 b5 9. Bb3 a5 10. Bg5 (10. bxa5 {simplifies} Nxa5 11. Bc2 O-O 12. a4) 10... h6 11. Bd5 Bd7 12. Bxf6 Bxf6 13. c4 Rb8 14. cxb5 Rxb5 15. bxa5 Nxa5 {[%emt 0:02:18][%cal Ob5d5] White must now prevent ...Rxd5!} 16. Nc3 Rb8 17. a4 O-O 18. Qc2 c6 19. Ba2 Qb6 20. Nd1 Bg4 21. Nd2 Qd4 {[%emt 0:05:17] White is weak on the dark squares} 22. Nc3 $1 Kg7 23. Nc4 Qc5 24. Nxa5 Qxa5 25. Nd1 d5 26. Ne3 {[%emt 0:00:00] Weighted Error Value: White=0.06 (flawless) /Black=0.05 (flawless) .  Inaccurate:     	White=1     	Black=1      OK:         	White=8     	Black=6      Best:        	---       	Black=1      Strong:       	White=1     	---} 1/2-1/2

[Event "Czech Extraliga 2023-24"]
[Site "Czech Republic"]
[Date "2024.02.11"]
[Round "8.8"]
[White "Cerveny, Martin"]
[Black "Mojzis, Jaroslav"]
[Result "1-0"]
[ECO "E17"]
[WhiteElo "2382"]
[BlackElo "2068"]
[Annotator "TA"]
[PlyCount "47"]
[EventDate "2023.10.14"]
[EventCountry "CZE"]
[SourceTitle "playchess.com"]
[Source "ChessBase"]
[SourceQuality "1"]
[TimeControl "40/5400+30:1800+30"]

1. d4 Nf6 2. Nf3 e6 3. g3 b6 4. Bg2 Bb7 5. O-O Be7 6. c4 O-O 7. d5 exd5 8. Nh4 c6 9. cxd5 Nxd5 10. Nf5 Nc7 11. e4 d5 12. Nc3 Nba6 13. Re1 {[%emt 0:04:32] And now exd5 would win.} Bf6 14. Bf4 Bc8 $1 15. g4 $1 {[%emt 0:06:31] Black is slightly better.} Be6 ({Black should try} 15... d4 $15 16. Ne2 d3) 16. Qf3 dxe4 17. Nxe4 Bxf5 18. gxf5 {[%emt 0:00:20] Nxf6+ is the strong threat.} Nd5 19. Rad1 Nc5 20. Nxf6+ Qxf6 21. Be5 {[%emt 0:00:06] This pair of bishops is nice.} (21. b4 $5 Nxf4 (21... Nxb4 22. Be5 $16) 22. Qxf4 $18) 21... Qh6 (21... Qh4 $11) 22. Qg3 (22. b4 $1 $14 Nd7 23. b5 Nxe5 24. Rxe5) 22... Nd7 23. Bxd5 Nxe5 {[%emt 0:00:33][%mdl 8192] [#]} (23... cxd5 $11 {and Black has nothing to worry.} 24. Rxd5 Nxe5 25. Qxe5 Rad8) 24. Bb3 $1 {[%emt 0:00:53] Weighted Error Value: White=0.14 (very precise) /Black=0.57.  Loses game:     	---       	Black=1      Mistake:       	White=1     	Black=2      Inaccurate:     	White=1     	---        OK:         	White=3     	Black=4      Strong:       	White=2     	Black=1} ({Worse is} 24. Rxe5 cxd5 25. Rexd5 Kh8 $11) 1-0

[Event "Czech Extraliga 2023-24"]
[Site "Czech Republic"]
[Date "2024.02.11"]
[Round "8.8"]
[White "Konopka, Michal"]
[Black "Michalek, Jan"]
[Result "1/2-1/2"]
[ECO "E62"]
[WhiteElo "2346"]
[BlackElo "2242"]
[Annotator "RC"]
[PlyCount "56"]
[EventDate "2023.10.14"]
[EventCountry "CZE"]
[SourceTitle "playchess.com"]
[Source "ChessBase"]
[SourceQuality "1"]
[TimeControl "40/5400+30:1800+30"]

1. Nf3 Nf6 2. c4 g6 3. g3 Bg7 4. Bg2 O-O 5. d4 d6 6. O-O Nc6 7. Nc3 e5 8. d5 Nb8 9. c5 Na6 10. cxd6 cxd6 11. Nd2 Bd7 12. a4 Ne8 13. Qb3 Qc8 14. Qa3 Qc5 15. Qxc5 Nxc5 16. e4 Rc8 17. Ra3 Nd3 18. Ne2 Nxc1 19. Rxc1 Rxc1+ 20. Nxc1 Bh6 21. Ncb3 f5 22. Nc4 Rf7 23. Nba5 Bc8 24. f3 Rc7 25. b4 Kf8 26. Bf1 Ke7 27. Bd3 Nf6 28. Kg2 fxe4 1/2-1/2

[Event "Czech Extraliga 2023-24"]
[Site "Czech Republic"]
[Date "2024.02.11"]
[Round "8.8"]
[White "Liska, Jiri"]
[Black "Pisk, Petr"]
[Result "1/2-1/2"]
[ECO "A13"]
[WhiteElo "2285"]
[BlackElo "2295"]
[Annotator "NA COMBH"]
[PlyCount "42"]
[EventDate "2023.10.14"]
[EventCountry "CZE"]
[SourceTitle "playchess.com"]
[Source "ChessBase"]
[SourceQuality "1"]
[TimeControl "40/5400+30:1800+30"]

1. Nf3 Nf6 2. c4 e6 3. g3 a6 4. Bg2 b5 5. b3 Bb7 6. O-O c5 7. Bb2 d6 8. e3 Nbd7 9. d4 Be7 10. Qe2 O-O 11. Nbd2 Rb8 12. Rfd1 Re8 13. Rac1 Bf8 14. dxc5 Nxc5 15. b4 Na4 16. Ba1 bxc4 17. Nxc4 d5 18. Na5 Bxb4 19. Nxb7 Rxb7 20. Qxa6 Qa8 21. Qe2 Ne4 1/2-1/2

[Event "Czech Extraliga 2023-24"]
[Site "Czech Republic"]
[Date "2024.02.11"]
[Round "8.8"]
[White "NOV16 Vojta Jakub FM"]
[Black "UNI12 Kovar Vojtech"]
[Result "1/2-1/2"]
[ECO "E01"]
[WhiteElo "2277"]
[BlackElo "2200"]
[Annotator "NA"]
[PlyCount "55"]
[EventDate "2023.10.14"]
[EventCountry "CZE"]
[SourceTitle "playchess.com"]
[Source "ChessBase"]
[SourceQuality "1"]
[TimeControl "40/5400+30:1800+30"]

1. c4 e6 2. g3 d5 3. Bg2 c6 4. Nf3 Nf6 5. O-O Nbd7 6. b3 Bd6 7. Bb2 O-O 8. Nc3 Re8 9. d4 dxc4 10. bxc4 e5 11. d5 Nb6 12. Qb3 e4 13. Nd4 Bd7 14. a4 cxd5 15. cxd5 Rc8 16. Ndb5 Be5 17. Nxa7 Rc5 18. Nab5 Nc4 19. Ba3 Na5 20. Qa2 Rxc3 21. Nxc3 Bxc3 22. Rac1 Be5 23. Bb4 Qb6 24. Rb1 Qa6 25. Bxa5 Qxa5 26. Rxb7 Qxa4 27. Qxa4 Bxa4 28. Rc1 1/2-1/2

[Event "Czech Extraliga 2023-24"]
[Site "Czech Republic"]
[Date "2024.02.11"]
[Round "8.8"]
[White "Danada, Tomas"]
[Black "Klima, Lukas"]
[Result "1/2-1/2"]
[ECO "A34"]
[WhiteElo "2219"]
[BlackElo "2312"]
[Annotator "TA"]
[PlyCount "41"]
[EventDate "2023.10.14"]
[EventCountry "CZE"]
[SourceTitle "playchess.com"]
[Source "ChessBase"]
[SourceQuality "1"]
[TimeControl "40/5400+30:1800+30"]

1. c4 c5 2. Nf3 Nc6 3. Nc3 e5 4. e3 Nf6 5. d4 cxd4 6. exd4 e4 7. Ne5 Qa5 8. Nxc6 dxc6 9. Be2 Bb4 10. O-O Bxc3 11. bxc3 O-O 12. Qb3 {[%emt 0:00:30] White is slightly better.} Re8 13. Rd1 Qf5 14. h3 (14. c5 $14) 14... Qg6 $11 {[%emt 0:00:00] The position is equal.} 15. Kh2 e3 $1 16. Bxe3 Rxe3 17. fxe3 {[%emt 0:00:00] [#] And now Bf3 would win.} Ne4 18. Qc2 {[%emt 0:00:00] Strongly threatening Kg1.} (18. Bf3 $5 Qg3+ $8 19. Kg1 $11) 18... Qg3+ 19. Kg1 Qxe3+ 20. Kh2 Qg3+ 21. Kg1 {[%emt 0:00:00] Weighted Error Value: White=0.16 (very precise) /Black=0.06 (flawless) .  Mistake:       	White=1     	---        Inaccurate:     	White=1     	Black=2      OK:         	White=2     	Black=4      Best:        	White=3     	Black=1      Strong:       	---       	Black=1} 1/2-1/2

[Event "Czech Extraliga 2023-24"]
[Site "Czech Republic"]
[Date "2024.04.06"]
[Round "9.1"]
[White "Korobov, Anton"]
[Black "Teclaf, Pawel"]
[Result "1/2-1/2"]
[ECO "E15"]
[WhiteElo "2663"]
[BlackElo "2563"]
[Annotator "TA"]
[PlyCount "76"]
[EventDate "2023.10.14"]
[EventCountry "CZE"]
[SourceTitle "playchess.com"]
[Source "ChessBase"]
[SourceQuality "1"]
[TimeControl "40/5400+30:1800+30"]

1. d4 Nf6 2. c4 e6 3. Nf3 b6 4. g3 Bb4+ 5. Bd2 Be7 6. Nc3 {[%emt 0:00:56] E15: Queen's Indian: 4 g3 sidelines, 4 g3 Ba6 and 4 g3 Bb7 early deviations.} Bb7 7. Qb1 c5 8. d5 exd5 9. cxd5 b5 $146 ({Predecessor:} 9... d6 10. Bg2 O-O 11. O-O Nbd7 12. e4 Re8 13. Re1 Ng4 14. h3 Nge5 15. Nxe5 Nxe5 {0-1 Stepanencu,N (2280)-Magold,V (2026) ROM-ch U18 Eforie Nord 2022 (5)}) 10. e4 b4 11. Nd1 O-O 12. Ne3 d6 13. Bd3 Nbd7 14. O-O Re8 15. Re1 Bf8 16. Qc2 a5 17. Rad1 g6 18. Bc1 Bg7 19. Nc4 Nb6 20. Nfd2 Nxc4 21. Nxc4 Ba6 22. f4 Qb8 23. e5 dxe5 (23... Nxd5 $2 24. Nxd6 (24. exd6 $2 Bd4+ 25. Kg2 Bxc4 $17) 24... Bxd3 25. Qxd3 $18 (25. Rxd3 b3 $18)) 24. Nxe5 Bxd3 (24... Nxd5 $2 25. Bxa6 (25. Qxc5 Bxd3 26. Rxd3 Nf6 $16) 25... Rxa6 26. Rxd5 $18) 25. Qxd3 Qd6 26. Be3 Rad8 27. Qb5 Bf8 28. Re2 (28. Nc4 $1 $14 {might be stronger.} Qc7 29. f5 (29. Qxa5 Qxa5 30. Nxa5 Nxd5 $11) (29. Qc6 Nxd5 30. Qxc7 Nxc7 $17)) 28... Qc7 $11 29. Rc2 Qc8 (29... Rxd5 $2 30. Rxd5 Qc8 31. Rdd2 $18) 30. Bxc5 (30. Rcd2 $11) 30... Rxd5 $2 (30... Ne4 $17 31. Rdc1 Bxc5+ (31... Nxc5 $2 32. Rxc5 Bxc5+ 33. Qxc5 $17) (31... b3 32. axb3 Bxc5+ 33. Rxc5 $11) 32. Rxc5 Nxc5 33. Qxc5 Qxc5+ 34. Rxc5 f6) 31. Rxd5 $14 Nxd5 32. Rc4 (32. Qxa5 Nxf4 33. gxf4 Rxe5 34. fxe5 Qg4+ 35. Kf2 (35. Rg2 Qd1+ 36. Kf2 Qd2+ 37. Kf1 Qc1+ 38. Ke2 Qc4+ 39. Ke1 Qc1+ 40. Ke2 Qc4+ 41. Ke1 Qc1+ 42. Ke2 $11) 35... Qf5+ 36. Ke3 Qxc2 37. Bxf8 Qc1+ 38. Kd3 Qf1+ 39. Ke3 Kxf8 $17) 32... Nc7 33. Qxa5 (33. Qc6 $1 $14 Rd8 34. Rc1 (34. Bxf8 Rd1+ 35. Kf2 Qh3 $11)) 33... Rxe5 $1 $11 34. fxe5 Ne6 35. Bxf8 $1 Qxc4 36. Bh6 Qd4+ 37. Kf1 Qd1+ ({Weaker is} 37... Qxb2 38. Qa8+) 38. Kf2 Qd4+ 1/2-1/2

[Event "Czech Extraliga 2023-24"]
[Site "Czech Republic"]
[Date "2024.04.06"]
[Round "9.1"]
[White "Rodshtein, Maxim"]
[Black "Nabaty, Tamir"]
[Result "1/2-1/2"]
[ECO "C42"]
[WhiteElo "2588"]
[BlackElo "2643"]
[Annotator "TA"]
[PlyCount "32"]
[EventDate "2023.10.14"]
[EventCountry "CZE"]
[SourceTitle "playchess.com"]
[Source "ChessBase"]
[SourceQuality "1"]
[TimeControl "40/5400+30:1800+30"]

1. e4 e5 2. Nf3 Nf6 3. Nxe5 d6 4. Nf3 Nxe4 5. Bd3 Nf6 6. O-O Be7 7. Re1 O-O 8. Bf1 {[%emt 0:00:42] The position is equal.} Bf5 9. d4 d5 10. c3 Nbd7 11. Qb3 Nb6 12. a4 a5 13. Bf4 Ne4 14. Nbd2 Nxd2 15. Nxd2 Bd6 16. Bxd6 Qxd6 {[%emt 0:57:15] A rather calm draw.   Weighted Error Value: White=0.05 (flawless) /Black=0.04 (flawless) .  OK:         	White=3     	Black=3      Best:        	---       	Black=1} 1/2-1/2

[Event "Czech Extraliga 2023-24"]
[Site "Czech Republic"]
[Date "2024.04.06"]
[Round "9.1"]
[White "Pechac, Jergus"]
[Black "Gelfand, Boris"]
[Result "1/2-1/2"]
[ECO "C42"]
[WhiteElo "2575"]
[BlackElo "2661"]
[Annotator "TA"]
[PlyCount "87"]
[EventDate "2023.10.14"]
[EventCountry "CZE"]
[SourceTitle "playchess.com"]
[Source "ChessBase"]
[SourceQuality "1"]
[TimeControl "40/5400+30:1800+30"]

1. e4 e5 2. Nf3 Nf6 3. Nxe5 d6 4. Nf3 Nxe4 5. d4 d5 6. Bd3 Nc6 7. O-O Be7 8. Nbd2 Nxd2 9. Bxd2 Bg4 10. c3 O-O 11. h3 Bh5 12. g3 Bg6 {[%emt 0:01:34] White is slightly better.} 13. Bxg6 fxg6 14. Ne1 Qd7 15. Qg4 Rf5 16. Ng2 Rd8 17. Rae1 Rf7 18. Re6 Bf6 19. Rfe1 Re7 20. Nf4 {[%emt 0:01:16] White has more active pieces.} Rxe6 21. Nxe6 Re8 22. Re3 (22. Nf4 $16 Rxe1+ 23. Bxe1) 22... h5 23. Nc5 (23. Qxg6 $2 {is the wrong capture.} Rxe6 24. Qxh5 Rxe3 25. Bxe3 Qf7 $19) (23. Qe2 {simplifies} Nd8 24. Nf4 Rxe3 25. Bxe3 Qf7 26. h4) 23... hxg4 ({Of course not} 23... Qxg4 $6 24. Rxe8+ (24. hxg4 Rc8 $16) 24... Kf7 25. hxg4 $16) 24. Nxd7 Rxe3 25. Bxe3 gxh3 $14 {[%emt 0:00:03][%mdl 4096] Endgame. KBN-KBN} 26. Nc5 g5 (26... Nd8 $14) 27. Ne6 (27. Nxb7 $16 {f3 would now be deadly.} g4 28. Kh2) 27... g4 28. Nxc7 Ne7 (28... Kf7 $1 $14) 29. Kh2 $16 Kf7 {[%emt 0:07:48] [#]} (29... Nf5 $16 {is a better defense.}) 30. f3 $1 $18 gxf3 31. Kxh3 Nf5 32. Nxd5 Nxe3 33. Nxe3 {[%emt 0:00:00] KB-KN} Bg5 {[%emt 0:00:01] [#]} 34. Nd1 Bc1 35. b3 (35. g4 $18 {Black must now prevent Kg3.} Bf4 36. g5) 35... Bd2 $16 36. c4 {[%emt 0:00:00] aiming for Kg4.} Be1 37. d5 Kf6 38. Kg4 (38. Ne3 $1 $14) 38... f2 $11 39. Ne3 {[%emt 0:00:00] Hoping for Kf3.} Bd2 40. Nf1 Bb4 41. Kf3 Bc5 42. g4 Ke5 43. Ng3 g6 44. g5 {[%emt 0:00:00] Black defended with fortune.   Weighted Error Value: White=0.14 (very precise) /Black=0.10 (very precise) .  Mistake:       	White=4     	Black=3      Inaccurate:     	White=2     	Black=1      OK:         	White=12    	Black=10     Best:        	White=3     	Black=9      Brilliant:      	White=1     	---} 1/2-1/2

[Event "Czech Extraliga 2023-24"]
[Site "Czech Republic"]
[Date "2024.04.06"]
[Round "9.1"]
[White "Warakomski, Tomasz"]
[Black "Gumularz, Szymon"]
[Result "1/2-1/2"]
[ECO "C54"]
[WhiteElo "2537"]
[BlackElo "2591"]
[Annotator "TA"]
[PlyCount "66"]
[EventDate "2023.10.14"]
[EventCountry "CZE"]
[SourceTitle "playchess.com"]
[Source "ChessBase"]
[SourceQuality "1"]
[TimeControl "40/5400+30:1800+30"]

1. e4 e5 2. Nf3 Nc6 3. Bc4 Bc5 4. O-O Nf6 5. d3 d6 6. c3 a6 7. a4 Ba7 8. Re1 Ng4 9. Re2 Nf6 10. Nbd2 Nh5 11. Re1 Qf6 12. Nf1 Bg4 13. Ne3 Bxf3 14. Qxf3 Qxf3 15. gxf3 Nd8 16. a5 Ne6 17. Nc2 Nhf4 18. Kf1 h5 {[%emt 0:05:22] [#]} 19. d4 $1 g5 20. Be3 g4 21. Bxe6 Nxe6 22. Ke2 (22. dxe5 {simplifies} dxe5 23. fxg4 hxg4 24. Bxa7 Rxa7 25. Ne3) 22... O-O-O 23. Rg1 exd4 24. Nxd4 Bxd4 25. Bxd4 Rhg8 26. fxg4 hxg4 27. Be3 Rde8 28. Kd3 {[%emt 0:02:24] The position is equal.} Rg6 29. Rg3 Nf8 30. h3 gxh3 31. Rxh3 Nd7 32. Rh4 Rge6 33. Rf4 Ne5+ {[%emt 0:02:45] An interesting draw.   Weighted Error Value: White=0.04 (flawless) /Black=0.03 (flawless) .  Inaccurate:     	---       	Black=2      OK:         	White=12    	Black=11} 1/2-1/2

[Event "Czech Extraliga 2023-24"]
[Site "Czech Republic"]
[Date "2024.04.06"]
[Round "9.1"]
[White "Sahidi, Samir"]
[Black "Navara, David"]
[Result "1/2-1/2"]
[ECO "B50"]
[WhiteElo "2478"]
[BlackElo "2678"]
[Annotator "TA"]
[PlyCount "145"]
[EventDate "2023.10.14"]
[EventCountry "CZE"]
[SourceTitle "playchess.com"]
[Source "ChessBase"]
[SourceQuality "1"]
[TimeControl "40/5400+30:1800+30"]

1. e4 c5 2. Nf3 d6 3. Bc4 Nf6 4. d3 Nc6 5. O-O g6 6. Re1 Bg7 7. c3 O-O 8. Bb3 b5 {[%emt 0:06:19] 8...e5 is the hot move. B50: Sicilian: 2...d6, Miscellaneous.} 9. h3 a5 10. a4 b4 11. Be3 Ba6 12. Qc2 Nd7 13. Nbd2 Nde5 14. Nxe5 Nxe5 15. Nc4 Nxc4 16. Bxc4 Bxc4 17. dxc4 Rb8 18. Bd2 Qd7 $146 ({Predecessor:} 18... Qb6 19. Rab1 b3 20. Qd3 Rfe8 21. Ra1 Rb7 22. h4 Qc6 23. Qd5 Qa6 24. h5 e6 {1-0 Baklanov,V (2367)-Baum,H (2275) LSS WC-2013-S-00011 2010}) 19. b3 bxc3 20. Bxc3 Bxc3 21. Qxc3 Rb4 22. e5 Rfb8 23. exd6 Rxb3 24. Qxa5 exd6 25. Qd2 R3b4 26. Qd5 Rxa4 27. Rxa4 Qxa4 28. Qxd6 Rc8 29. Qd5 Qa5 30. Rb1 Qc3 31. g3 Qd4 32. Rd1 Qf6 33. Kg2 Kg7 34. Rd3 h5 35. h4 Rc7 36. Qd6 Qxd6 37. Rxd6 Ra7 38. Rc6 Ra3 39. Rxc5 Rc3 40. Rc6 Kf8 41. Rc7 Kg7 42. c5 Kf6 43. c6 Ke6 44. Kf1 Rc2 45. Ke1 f6 {[%emt 0:00:00] [#]} (45... Rc5 $11 {remains equal.}) 46. Rc8 (46. Rg7 $1 $16) 46... g5 $1 $11 47. hxg5 fxg5 48. Kf1 Kd6 49. Rg8 (49. Rh8 {simplifies} Rxc6 50. Rxh5 Rc5 51. Ke2) 49... g4 50. Rg6+ Kd5 51. Rh6 Rxc6 52. Rxh5+ Ke4 53. Rg5 Rc4 $1 54. Kg2 Kd3 55. Re5 Ra4 56. Re3+ Kd4 57. Re7 Kd3 58. Kf1 Rb4 59. Rf7 Rb1+ 60. Kg2 Rb4 $1 61. Re7 Ra4 62. Kf1 Rb4 63. Re3+ Kd4 64. Re1 Kd5 65. Re8 Kd4 66. f3 Rb3 67. Re4+ Kd5 68. Rxg4 Rxf3+ 69. Kg2 Rf6 70. Kh3 Ke6 71. Kh4 $1 Kf7 72. Kh5 Ra6 73. Rb4 1/2-1/2

[Event "Czech Extraliga 2023-24"]
[Site "Czech Republic"]
[Date "2024.04.06"]
[Round "9.1"]
[White "Haring, Filip"]
[Black "Stocek, Jiri"]
[Result "1/2-1/2"]
[ECO "B51"]
[WhiteElo "2463"]
[BlackElo "2531"]
[Annotator "RC"]
[PlyCount "49"]
[EventDate "2023.10.14"]
[EventCountry "CZE"]
[SourceTitle "playchess.com"]
[Source "ChessBase"]
[SourceQuality "1"]
[TimeControl "40/5400+30:1800+30"]

1. e4 c5 2. Nf3 d6 3. Bb5+ Nd7 4. c3 Ngf6 5. Qe2 a6 6. Ba4 b5 7. Bc2 e5 8. O-O Be7 9. d4 cxd4 10. cxd4 O-O 11. Rd1 exd4 12. Nxd4 Ne5 13. a4 b4 14. Bf4 Bg4 15. f3 Bd7 16. Nd2 Re8 17. Nc4 Rc8 18. Bb3 Bf8 19. Bxe5 dxe5 20. Nf5 Rc6 21. Qd2 Ree6 22. Nce3 Re8 23. Nc4 Ree6 24. Nce3 Re8 25. Nc4 1/2-1/2

[Event "Czech Extraliga 2023-24"]
[Site "Czech Republic"]
[Date "2024.04.06"]
[Round "9.2"]
[White "Saric, Ivan"]
[Black "Neugebauer, Martin"]
[Result "1-0"]
[ECO "E18"]
[WhiteElo "2689"]
[BlackElo "2525"]
[Annotator "TA"]
[PlyCount "71"]
[EventDate "2023.10.14"]
[EventCountry "CZE"]
[SourceTitle "playchess.com"]
[Source "ChessBase"]
[SourceQuality "1"]
[TimeControl "40/5400+30:1800+30"]

1. Nf3 Nf6 2. g3 b6 3. Bg2 Bb7 4. O-O e6 5. c4 Be7 6. Nc3 O-O 7. Qc2 c5 8. e4 d6 9. d4 cxd4 10. Nxd4 Qc7 11. Ndb5 Qc6 {[%emt 0:04:54] The position is equal.} 12. b3 a6 13. Nd4 Qc7 14. Bb2 Nbd7 15. Rad1 Rac8 16. Qe2 Rfe8 17. f4 Bf8 18. g4 {[%emt 0:11:40][%cal Bg3g4,Bg4g5][%mdl 32] g5 would now be deadly.} Nb8 (18... Nc5 $142) 19. g5 $16 Nfd7 20. h4 {[%emt 0:07:02] White is much more active.} Nc6 21. Nc2 Qb8 (21... b5 $1 $14) 22. Ne3 b5 23. Kh1 Nc5 (23... bxc4 $14 24. Nxc4 (24. bxc4 Na5 $14) 24... d5) 24. Ng4 ({Much weaker is} 24. cxb5 $6 axb5 25. Qxb5 (25. Nxb5 Ba6 $17) 25... Qa7 $11) 24... bxc4 25. bxc4 ({Of course not} 25. Qxc4 $6 a5 26. Nb5 Ba6 $15) 25... Na5 {[%emt 0:03:24] [#]} (25... Nd7 $1 $14) 26. Ba1 $1 Qc7 27. Rf3 Nd7 {[%emt 0:02:53] [#]} 28. Rg3 $1 $36 {[%emt 0:00:26][%cal Oc3d5][%mdl 2048] aiming for Nd5! White is really pushing.} g6 {[%emt 0:03:13] [#]} 29. h5 $1 Nxc4 (29... Bg7 30. Rh3) 30. Nf6+ Nxf6 31. gxf6 Qa5 $2 {[%emt 0:02:20][%mdl 8192] Loses the game.} ({Black should try} 31... d5 $1 $14 32. hxg6 (32. exd5 $2 {perishes.} Qxf4 33. Qf3 Qxf3 $19) 32... fxg6) 32. hxg6 $18 {[%emt 0:03:30] White is clearly winning.} fxg6 {[%emt 0:06:03] [#]} 33. e5 $1 Qc7 (33... Rc7 34. Bxb7) 34. Ne4 {[%emt 0:00:30] Ng5 is the strong threat.} Bh6 35. exd6 Qd7 36. Qh5 {[%emt 0:00:00] Weighted Error Value: White=0.08 (flawless) /Black=0.51.  Loses game:     	---       	Black=1      Mistake:       	---       	Black=4      Inaccurate:     	White=3     	Black=4      OK:         	White=7     	Black=7      Best:        	White=2     	Black=3      Strong:       	White=2     	---        Brilliant:      	White=1     	---} 1-0

[Event "Czech Extraliga 2023-24"]
[Site "Czech Republic"]
[Date "2024.04.06"]
[Round "9.2"]
[White "Nguyen, Thai Dai Van"]
[Black "Sulypa, Oleksandr"]
[Result "1-0"]
[ECO "A29"]
[WhiteElo "2643"]
[BlackElo "2458"]
[Annotator "TA"]
[PlyCount "111"]
[EventDate "2023.10.14"]
[EventCountry "CZE"]
[SourceTitle "playchess.com"]
[Source "ChessBase"]
[SourceQuality "1"]
[TimeControl "40/5400+30:1800+30"]

1. c4 e5 2. g3 Nf6 3. Bg2 d5 4. cxd5 Nxd5 5. Nc3 Nb6 6. Nf3 Nc6 7. O-O Be7 8. b3 O-O 9. Bb2 Be6 10. Rc1 f6 11. Qc2 $5 {[%mdl 4] An interesting side line. A29: English Opening: Four Knights Variation with 4 g3.} Nb4 12. Qe4 c5 13. Nh4 Nc6 $146 ({Predecessor:} 13... Nxa2 14. Nxa2 Rf7 15. Nf5 Qxd2 16. Nxe7+ Rxe7 17. Qb1 Qxe2 18. Nc3 Qg4 19. Ba3 Rd7 20. Bxc5 Nd5 21. b4 Nxc3 22. Rxc3 Rc8 23. Rcc1 {1-0 Kovalenko,I (2321)-Almeida,R (2223) RM-2021-0-00235 2020}) 14. Nf5 Qd7 15. Nxe7+ Qxe7 16. Ba3 Rfd8 17. Qe3 Nd4 18. f4 exf4 19. gxf4 Rd7 20. Qf2 Nd5 21. e3 Nxc3 22. Rxc3 Nb5 23. Bxc5 Qe8 24. Rcc1 Bd5 25. Bxd5+ Rxd5 26. a4 Nd6 (26... b6 $1 $11) 27. Qg2 $16 Rd3 28. Bxd6 Rxd6 29. Rc7 $1 (29. Qxb7 $6 Rxd2 30. Rc7 Qg6+ (30... Qxe3+ $2 31. Kh1 $18) 31. Kh1 Re8 $11) 29... Qg6 (29... Rd7 $16 30. Qxb7 (30. Rxb7 Rxb7 31. Qxb7 Rd8 $16) 30... Rad8) 30. Qxg6 $18 hxg6 31. d4 (31. Rxb7 $6 Rxd2 32. Rf2 Rd1+ 33. Kg2 a5 $16) 31... Re8 32. Kf2 (32. Rxb7 Rxe3 33. Rc1 Kh7 $16 (33... Rxd4 $2 {too greedy.} 34. Rc8+ Kh7 35. Rbb8 $18)) 32... Rb6 33. Rb1 Rbe6 34. Re1 ({Less strong is} 34. Rxb7 Rxe3 $16) 34... Rb6 35. Rc3 f5 (35... Kf7 $16 {keeps fighting.} 36. h4 Re7) 36. Rec1 Kf7 37. Rd3 Kf6 38. h4 a6 39. Rc7 Rh8 40. Kg3 Re8 41. Rdc3 Rd8 42. Kf3 Re8 43. Rd7 Re7 44. Rd8 Re4 45. Rf8+ Ke7 46. Rb8 Kd7 47. Rbc8 Kd6 48. a5 Rb5 49. R8c5 Rxc5 50. Rxc5 Re6 51. h5 gxh5 52. Rxf5 g6 53. Rg5 Ke7 54. Re5 Rxe5 55. dxe5 Ke6 56. e4 1-0

[Event "Czech Extraliga 2023-24"]
[Site "Czech Republic"]
[Date "2024.04.06"]
[Round "9.2"]
[White "Samunenkov, Ihor"]
[Black "Kobo, Ori"]
[Result "1/2-1/2"]
[ECO "E11"]
[WhiteElo "2548"]
[BlackElo "2530"]
[Annotator "RC"]
[PlyCount "183"]
[EventDate "2023.10.14"]
[EventCountry "CZE"]
[SourceTitle "playchess.com"]
[Source "ChessBase"]
[SourceQuality "1"]
[TimeControl "40/5400+30:1800+30"]

1. d4 d5 2. c4 e6 3. Nf3 Nf6 4. g3 Bb4+ 5. Bd2 a5 6. Qc2 O-O 7. Bg2 c5 8. cxd5 cxd4 9. a3 Bxd2+ 10. Qxd2 Qxd5 11. Qxd4 Qxd4 12. Nxd4 Ra7 13. Nd2 Bd7 14. Nc4 b5 15. Ne5 Rc8 16. Kd2 Be8 17. Rhc1 Rac7 18. Rxc7 Rxc7 19. b4 Ra7 20. Rc1 axb4 21. Rc8 bxa3 22. Rxb8 a2 23. Nb3 a1=Q 24. Nxa1 Rxa1 25. Ng4 Ra2+ 26. Kd3 Ra3+ 27. Kd2 Ra2+ 28. Kd1 Ra1+ 29. Kc2 Ra2+ 30. Kb3 Rxe2 31. Bf1 Re1 32. Nxf6+ gxf6 33. Rxe8+ Kg7 34. Bd3 Rh1 35. Rc8 Rxh2 36. Rc2 f5 37. Bxb5 Kf6 38. Kc3 f4 39. gxf4 Kf5 40. Kd3 Kxf4 41. Bc6 f5 42. Rc4+ Kg5 43. Ke3 e5 44. Bd7 e4 45. f4+ exf3 46. Rc5 f2 47. Rxf5+ Kh4 48. Bb5 Kg4 49. Ke4 Kg3 50. Rg5+ Kh4 51. Rg7 h5 52. Ke3 Rh3+ 53. Kxf2 Rg3 54. Rh7 Rc3 55. Be2 Rc5 56. Rg7 Rg5 57. Ra7 Re5 58. Bf3 Rc5 59. Ra4+ Kg5 60. Kg3 Rf5 61. Ra8 h4+ 62. Kg2 Rf4 63. Rg8+ Kf6 64. Kf2 Rb4 65. Ke3 Kf5 66. Rf8+ Kg5 67. Be4 Rb3+ 68. Bd3 Rb4 69. Rg8+ Kf6 70. Be4 h3 71. Rh8 Ra4 72. Rxh3 Ra3+ 73. Bd3 Ra4 74. Rh6+ Ke5 75. Rh5+ Kd6 76. Be4 Ra1 77. Kf4 Rf1+ 78. Bf3 Re1 79. Rd5+ Ke6 80. Rc5 Kf6 81. Rc3 Rf1 82. Rc6+ Ke7 83. Ke4 Rf2 84. Bg4 Rf1 85. Bf5 Re1+ 86. Kd5 Kf7 87. Be4 Rd1+ 88. Ke5 Rd7 89. Rh6 Re7+ 90. Kf5 Ke8 91. Rd6 Rf7+ 92. Ke5 1/2-1/2